 Dungeon Crawl Stone Soup version 0.30-a0-782-ge64f9170bb (webtiles) character file.

Game seed: 7039757474615502746

14371 vineage the Basher (level 12, -6/80 HPs)
             Began as a Gargoyle Fighter on Feb 28, 2023.
             Killed from afar by a wretched star (34 damage)
             ... with a lance of force
             ... on level 1 of the Abyss.
             The game lasted 00:21:04 (10367 turns).

vineage the Basher (Gargoyle Fighter)              Turns: 10367, Time: 00:21:05

Health: -6/80      AC: 25    Str: 30    XL:     12   Next: 15%
Magic:  12/12      EV:  6    Int: 10    God:
Gold:   136        SH: 15    Dex:  9    Spells: 11/11 levels left

rFire   + . .      SeeInvis .    a - +1 flail (elec)
rCold   + + .      Faith    .    A - +5 Storm Queen's Shield {shock, Fly rElec}
rNeg    + . .      Spirit   .    c - +0 plate armour
rPois   ∞          Reflect  .    (helmet restricted)
rElec   +          Harm     .    r - scarf {rC+ rF+}
rCorr   .          Rampage  .    (no gloves)
Will    .....                    h - +1 pair of boots Stlth
                                 n - amulet of the acrobat
HPRegen 0.33/turn                m - ring of Kaarees {rC+ Slay+4}
MPRegen 0.13/turn                H - +6 ring of strength

@: about to teleport, flying, unable to read, unable to drink
A: sickness immunity, AC +8, negative energy resistance 1, electricity
resistance, torment resistance 1, petrification resistance, antennae 1, mutation
resistance 1, [inability to drink after injury 2], [inability to read after
injury 1]
a: no special abilities


You were on level 1 of the Abyss.
You visited 2 branches of the dungeon, and saw 12 of its levels.
You visited the Abyss 1 time.
You also visited: Sewer and Ossuary.

You collected 1014 gold pieces.
You spent 878 gold pieces at shops.

Inventory:

Hand Weapons
 a - a +1 flail of electrocution (weapon)
Armour
 b - a +1 helmet of see invisible
 c - a +0 plate armour (worn)
 h - a +1 pair of boots (worn)
 r - a scarf of resistance (worn)
 t - a +0 tower shield
 A - the +5 Storm Queen's Shield (worn) {shock, Fly rElec}
   (You bought it in a shop on level 8 of the Dungeon)

   Shock:     When it blocks an attack, it may electrocute the attacker.
   This works even against foes who are a short distance away.
   rElec:     It insulates you from electricity.
   Fly:       It grants you flight.
Jewellery
 m - the ring of Kaarees (left hand) {rC+ Slay+4}
   (You found it on level 2 of the Dungeon)

   [ring of slaying]

   Slay:      It affects your accuracy & damage with ranged weapons and melee
   (+4).
   rC:        It protects you from cold.
 n - an amulet of the acrobat (around neck)
 y - a ring of ice
 G - the ring "Geotrank" {rF+ Will+ Dex-5 SInv}
   (You found it on level 9 of the Dungeon)

   [ring of see invisible]

   Dex:       It affects your dexterity (-5).
   rF:        It protects you from fire.
   SInv:      It lets you see invisible.
   Will:      It increases your willpower.
 H - a +6 ring of strength (right hand)
Wands
 E - a wand of quicksilver (3)
 J - a wand of mindburst (4)
 K - a wand of charming (7)
Scrolls
 e - 2 scrolls of summoning
 g - a scroll of fear
 l - 4 scrolls of teleportation
 o - 4 scrolls of enchant armour
 q - 2 scrolls of amnesia
 s - 2 scrolls of enchant weapon
 B - 4 scrolls of identify
 D - a scroll of silence
 I - a scroll of magic mapping
Potions
 d - 5 potions of might
 f - 6 potions of haste
 i - 8 potions of heal wounds
 j - 16 potions of curing
 k - a potion of mutation
 p - 2 potions of attraction
 u - 4 potions of resistance
 v - 2 potions of brilliance
 w - a potion of berserk rage
 x - 3 potions of flight
 z - a potion of magic
 C - a potion of lignification {unknown}
 F - a potion of cancellation


   Skills:
 + Level 11.7 Fighting
 * Level 11.9 Maces & Flails
 + Level 9.7 Armour
 + Level 9.7 Shields


You had 11 spell levels left.
You didn't know any spells.
Your spell library contained the following spells:

 Spells                   Type           Power      Damage    Failure   Level
 Freeze                   Ice            0%         1d3       99%         1
 Slow                     Hex            0%         N/A       99%         1
 Poisonous Vapours        Pois/Air       0%         N/A       100%        2
 Confusing Touch          Hex            0%         N/A       100%        3
 Frozen Ramparts          Ice            0%         1d1       100%        3
 Gell's Gravitas          Tloc           0%         N/A       100%        3
 Hailstorm                Conj/Ice       0%         3d3       100%        3
 Kindle Blastsparks       Fire/Tloc/Air  0%         2d10      100%        3
 Mephitic Cloud           Conj/Pois/Air  0%         N/A       100%        3
 Teleport Other           Tloc           0%         N/A       100%        3
 Vampiric Draining        Necr           0%         2d6       100%        3
 Fulminant Prism          Conj/Hex       0%         3d5       100%        4
 Ice Form                 Ice/Tmut       0%         N/A       100%        4
 Iskenderun's Mystic Bla  Conj/Tloc      0%         2d3       100%        4
 Manifold Assault         Tloc           0%         N/A       100%        4
 Summon Ice Beast         Ice/Summ       0%         N/A       100%        4
 Lee's Rapid Deconstruct  Erth           0%         3d4*      100%        5
 Dispersal                Tloc           0%         N/A       100%        6
 Disjunction              Tloc           0%         N/A       100%        8
 Cigotuvi's Dreadful Rot  Necr/Pois/Air  Unusable   N/A       N/A         2

Dungeon Overview and Level Annotations

Branches:
Dungeon (11/15)            Temple (1/1) D:4            Lair (0/5) D:9
    Orc (0/2) D:10          Sewer (visited)         Ossuary (visited)

Altars:
Ashenzari
Cheibriados
Dithmenos
Elyvilon
Fedhas
Gozag
Hepliaklqana
Kikubaaqudgha
Makhleb
Nemelex Xobeh
Qazlal
Ru
Sif Muna
Trog
Uskayaw
Vehumet
Wu Jian
Xom
Yredelemnul
Zin
The Shining One

Shops:
D:1 [   D:2 *   D:8 [([*[   D:9 ?

Annotations:
D:6 2 transporters, Glaciallarry's ghost, novice DjWr
D:11 Erolcha


Innate Abilities, Weirdness & Mutations

You are immune to sickness and miasma.
Your stone body is resilient. (AC +8)
You are immune to poison.
You resist negative energy. (rN+)
You are resistant to electric shocks. (rElec)
You are resistant to unholy torment.
You are immune to petrification.
You have a pair of small antennae on your head.
You are somewhat resistant to further mutation.
[You sometimes lose the ability to drink potions when taking damage.]
[You occasionally lose the ability to read scrolls when taking damage.]


Message History

The green very ugly thing bites you but does no damage.
The green very ugly thing attacks as you move away!
You block the green very ugly thing's attack.
Your shield discharges, shocking the green very ugly thing!
A starcursed mass comes into view.
A starcursed mass splits.
The green very ugly thing attacks as you move away!
The green very ugly thing completely misses you.
The green very ugly thing attacks as you move away!
The green very ugly thing closely misses you.
The green very ugly thing attacks as you move away!
You block the green very ugly thing's attack.
Found a corrupted altar of Lugonu.
You can drink potions again.
There is a corrupted altar of Lugonu here.
A bone dragon comes into view.
The green very ugly thing bites you!
You feel threatened and lose the ability to drink potions!
The green very ugly thing attacks as you move away!
The green very ugly thing barely misses you.
The green very ugly thing bites you!
As you read the scroll of teleportation, it crumbles to dust.
You feel strangely unstable.
You feel the power of the Abyss delaying your translocation!
The green very ugly thing bites you but does no damage.
The green very ugly thing attacks as you move away!
You block the green very ugly thing's attack.
Your shield discharges, shocking the green very ugly thing!
A wretched star comes into view.
The green very ugly thing attacks as you move away!
The green very ugly thing bites you.
A small abomination comes into view.
The green very ugly thing misses you.
You thump the green very ugly thing!
The green very ugly thing is moderately wounded.
You block the green very ugly thing's attack.
The wretched star glows turbulently.
The lance of force hits you!!
You feel threatened and lose the ability to read scrolls!
You die...

#x. ..# ... . ..
#. #* .. .##.##
##*§#.###
##....#..##
#@uD#..#..#
####...#...# #..
###X#...#
#.#........######
##......#.##.. D.
#.##.####....# ##
.#_.#.## . ....#
# #.X....#


You could see a bone dragon, a green very ugly thing, a wretched star and a
large abomination.

Vanquished Creatures
  Fannar (D:11)
  2 two-headed ogres
  A manticore (D:11)
  2 ugly things (Abyss:1)
  2 cyclopes (D:11)
  An orange demon (Abyss:1)
  A kobold demonologist (D:8)
  2 komodo dragons
  An ancient zyme (Abyss:1)
  A troll (D:10)
  A hornet (D:8)
  Prince Ribbit (D:6)
  Grinder (D:3)
  4 slime creatures (D:9)
  2 small abominations (Abyss:1)
  3 wyverns
  8 yaks
  5 steam dragons
  A neqoxec (Abyss:1)
  4 water moccasins
  Pargi (Sewer)
  An orc warrior (D:8)
  3 ice beasts
  4 black bears
  An ogre (D:6)
  5 centaurs
  13 kobold brigands (D:8)
  A phantom (D:5)
  5 bullfrogs
  A necrophage (D:6)
  A gnoll sergeant (D:6)
  2 scorpions (D:5)
  2 water moccasin zombies (Ossuary)
  6 wights
  6 killer bees (D:7)
  5 howler monkeys
  5 bullfrog zombies (Ossuary)
  2 centaur zombies (Ossuary)
  A jelly (D:5)
  4 hounds
  2 orc priests
  4 iguanas
  5 orc wizards (D:8)
  4 killer bee zombies (Ossuary)
  3 howler monkey zombies (Ossuary)
  11 mummies (Ossuary)
  11 adders
  4 gnolls (D:6)
  A shadow imp (D:6)
  2 white imps
  3 ufetubi (D:5)
  2 worms (D:2)
  A dart slug (D:2)
  14 orcs
  10 ball pythons
  7 endoplasms
  6 giant cockroaches
  14 goblins
  11 hobgoblins
  6 jackals
  4 quokkas
  4 bats
  8 frilled lizards
  A goblin zombie (D:4)
  16 kobolds
  2 rats
  A rat zombie (D:4)
270 creatures vanquished.

Vanquished Creatures (others)
  An orc wizard (D:8)
  17 fungi (D:9)
  15 plants
  16 starspawn tentacles (Abyss:1)
  10 withered plants (Ossuary)
59 creatures vanquished.

Grand Total: 329 creatures vanquished

Notes
Turn   | Place    | Note
-------+----------+-------------------------------------------
     0 | D:1      | vineage the Gargoyle Fighter began the quest for the Orb.
     0 | D:1      | Reached XP level 1. HP: 14/14 MP: 1/1
    88 | D:1      | Found Yruzenin's Armour Shop.
   107 | D:1      | Reached XP level 2. HP: 20/20 MP: 2/2
   461 | D:1      | Reached XP level 3. HP: 23/24 MP: 3/3
   798 | D:2      | Found Tepluhib's General Store.
   967 | D:2      | Reached skill level 5 in Fighting
   979 | D:2      | Identified the ring of Kaarees {rC+ Slay+4}
  1120 | D:2      | Reached XP level 4. HP: 30/31 MP: 4/4
  1222 | D:2      | Found a faded altar of an unknown god.
  1555 | D:3      | Identified the +3 leather armour of Anaesthesia {rC- rCorr
                  | Str+7 Dex+2}
  1564 | D:3      | Noticed Grinder
  1573 | D:3      | Gained mutation: Your movements are slightly less
                  | encumbered by armour. (ER -2) [potion of mutation]
  1573 | D:3      | Gained mutation: Your spells are a little easier to cast,
                  | but a little less powerful. [potion of mutation]
  1573 | D:3      | Gained mutation: You are strong-willed. (Will+) [potion of
                  | mutation]
  1575 | D:3      | Killed Grinder
  1576 | D:3      | Reached XP level 5. HP: 12/38 MP: 5/5
  1576 | D:3      | Reached XP level 6. HP: 14/44 MP: 6/6
  1758 | D:3      | Identified a scroll of acquirement
  1758 | D:3      | Acquired 589 gold pieces
  2928 | D:4      | Found a sand-covered staircase.
  2937 | Ossuary  | Entered an ossuary
  2957 | Ossuary  | Reached XP level 7. HP: 22/48 MP: 7/7
  3321 | Ossuary  | Reached XP level 8. HP: 49/54 MP: 8/8
  3797 | D:4      | Found a staircase to the Ecumenical Temple.
  3812 | Temple   | Entered the Ecumenical Temple
  4089 | D:4      | Reached skill level 5 in Maces & Flails
  4342 | D:4      | Found an opulent altar of Gozag.
  4440 | D:5      | Entered Level 5 of the Dungeon
  4507 | D:5      | Reached skill level 5 in Armour
  4507 | D:5      | Reached skill level 5 in Shields
  4618 | D:5      | Found a glowing drain.
  4622 | Sewer    | Entered a sewer
  4678 | Sewer    | Noticed Pargi
  4687 | Sewer    | Killed Pargi
  4835 | D:5      | Reached XP level 9. HP: 60/60 MP: 9/9
  5364 | D:6      | Noticed a two-headed ogre
  5701 | D:6      | Noticed Prince Ribbit
  5711 | D:6      | Killed Prince Ribbit
  6164 | D:6      | Noticed Glaciallarry's ghost (novice DjWr)
  6165 | D:6      | Found a transporter.
  6172 | D:6      | Found a transporter.
  6365 | D:7      | Reached XP level 10. HP: 57/67 MP: 10/10
  7131 | D:8      | Found Dusois's Assorted Antiques.
  7139 | D:8      | Bought a glowing helmet for 210 gold pieces
  7182 | D:8      | Found Hilaroess's Armour Shop.
  7272 | D:8      | Found Vyecyuwk's Antique Armour Boutique.
  7278 | D:8      | Bought a tower shield for 121 gold pieces
  7302 | D:8      | Reached skill level 10 in Fighting
  7348 | D:8      | Found Qumel's Antique Weapon Shoppe.
  7350 | D:8      | Noticed a kobold demonologist
  7368 | D:8      | Killed a kobold demonologist
  7619 | D:8      | Found Arudd's Armour Boutique.
  7710 | D:8      | Reached XP level 11. HP: 73/73 MP: 11/11
  7753 | D:8      | Reached skill level 10 in Maces & Flails
  8045 | D:8      | Bought the +5 Storm Queen's Shield {shock, Fly rElec} for
                  | 547 gold pieces
  8045 | D:8      | Found the +5 Storm Queen's Shield {shock, Fly rElec}
  8178 | D:9      | Found Vucw's Magic Scroll Shop.
  8183 | D:9      | Noticed a two-headed ogre
  8191 | D:9      | Killed a two-headed ogre
  8479 | D:9      | Found a staircase to the Lair.
  8611 | D:9      | Identified the ring "Geotrank" {rF+ Will+ Dex-5 SInv}
  8723 | D:10     | Entered Level 10 of the Dungeon
  8777 | D:10     | Noticed a two-headed ogre
  8786 | D:10     | Killed a two-headed ogre
  8909 | D:10     | Found a staircase to the Orcish Mines.
  9584 | D:11     | Noticed a cyclops
  9592 | D:11     | Killed a cyclops
  9613 | D:11     | Noticed a cyclops
  9617 | D:11     | Noticed a manticore
  9621 | D:11     | Killed a cyclops
  9627 | D:11     | Killed a manticore
  9712 | D:11     | Noticed Fannar
  9724 | D:11     | Killed Fannar
  9748 | D:11     | Noticed Erolcha
  9750 | Abyss:1  | Found a corrupted altar of Lugonu.
  9750 | Abyss:1  | Found a corrupted altar of Lugonu.
  9750 | Abyss:1  | Cast into level 1 of the Abyss (Erolcha)
  9802 | Abyss:1  | Reached XP level 12. HP: 80/80 MP: 12/12
  9899 | Abyss:1  | Noticed a starcursed mass
  9955 | Abyss:1  | Noticed a tentacled starspawn
  9957 | Abyss:1  | Noticed a starcursed mass
 10009 | Abyss:1  | Noticed a tentacled starspawn
 10011 | Abyss:1  | Noticed a tentacled monstrosity
 10014 | Abyss:1  | Found a corrupted altar of Lugonu.
 10124 | Abyss:1  | Noticed a wretched star
 10140 | Abyss:1  | Lost mutation: Your movements are slightly less encumbered
                  | by armour. (ER -2) [potion of mutation]
 10140 | Abyss:1  | Lost mutation: Your spells are a little easier to cast, but
                  | a little less powerful. [potion of mutation]
 10140 | Abyss:1  | Lost mutation: You are strong-willed. (Will+) [potion of
                  | mutation]
 10140 | Abyss:1  | Gained mutation: Your spells are a little easier to cast,
                  | but a little less powerful. [potion of mutation]
 10140 | Abyss:1  | Gained mutation: You have a pair of small horns on your
                  | head. [potion of mutation]
 10140 | Abyss:1  | Gained mutation: Your mind is acute. (Int +4, Str/Dex -1)
                  | [potion of mutation]
 10141 | Abyss:1  | Lost mutation: Your spells are a little easier to cast, but
                  | a little less powerful. [potion of mutation]
 10141 | Abyss:1  | Lost mutation: You have a pair of small horns on your head.
                  | [potion of mutation]
 10141 | Abyss:1  | Lost mutation: Your mind is acute. (Int +4, Str/Dex -1)
                  | [potion of mutation]
 10141 | Abyss:1  | Gained mutation: You are strong-willed. (Will+) [potion of
                  | mutation]
 10141 | Abyss:1  | Gained mutation: Your flesh is cold resistant. (rC+)
                  | [potion of mutation]
 10142 | Abyss:1  | Lost mutation: You are strong-willed. (Will+) [potion of
                  | mutation]
 10142 | Abyss:1  | Lost mutation: Your flesh is cold resistant. (rC+) [potion
                  | of mutation]
 10142 | Abyss:1  | Gained mutation: You do not regenerate when monsters are
                  | visible. [potion of mutation]
 10142 | Abyss:1  | Gained mutation: Your body sometimes deteriorates upon
                  | taking damage. [potion of mutation]
 10142 | Abyss:1  | Lost mutation: Your body sometimes deteriorates upon taking
                  | damage. [potion of mutation]
 10142 | Abyss:1  | Gained mutation: You have a somewhat thin skeletal
                  | structure. (Dex +2, Stealth+) [potion of mutation]
 10143 | Abyss:1  | Lost mutation: You have a somewhat thin skeletal structure.
                  | (Dex +2, Stealth+) [potion of mutation]
 10143 | Abyss:1  | Lost mutation: You do not regenerate when monsters are
                  | visible. [potion of mutation]
 10143 | Abyss:1  | Gained mutation: You are somewhat resistant to further
                  | mutation. [potion of mutation]
 10143 | Abyss:1  | Gained mutation: You have a pair of small antennae on your
                  | head. [potion of mutation]
 10144 | Abyss:1  | Found a corrupted altar of Lugonu.
 10151 | Abyss:1  | Noticed a tentacled starspawn
 10159 | Abyss:1  | Noticed a soul eater
 10161 | Abyss:1  | Noticed a brown very ugly thing
 10194 | Abyss:1  | Found a corrupted altar of Lugonu.
 10350 | Abyss:1  | Noticed a starcursed mass
 10353 | Abyss:1  | Found a corrupted altar of Lugonu.
 10356 | Abyss:1  | Noticed a bone dragon
 10363 | Abyss:1  | Noticed a wretched star
 10367 | Abyss:1  | Killed from afar by a wretched star

Illustrated notes

Levels and vault maps discovered:
D:1:      dpeg_arrival_rooms_b, layout_loops_cross, serial_shops, shop
D:2:      layout_loops_ring, shapermc_ecumenical_altar_mp_ritualfount,
          serial_shops, shop
D:3:      layout_basic, minmay_vboxes, uniq_grinder
D:4:      layout_basic, marbit_many_paths, minmay_temple_entry_drinking_statues,
          enter_ossuary_4, minmay_crossroads
D:5:      layout_loops_ring, gup_sewer_entry_bowl, serial_glass,
          glass_columns_a, glass_columns_a
D:6:      layout_gridville, gammafunk_ghost_smash, uniq_prince_ribbit1
D:7:      layout_loops_cross, due_unseen_surprise
D:8:      cheibrodos_steamvent, layout_loops_ring, special_room
          [special_room_kobold], serial_shops, shop_statue,
          nicolae_stop_n_shop_1, nicolae_shop_hallway_plus, shop, shop,
          minmay_holes
D:9:      layout_rooms, due_lair_maze_entry_diamond, serial_shops,
          nicolae_shop_trees
D:10:     minmay_weird_star, layout_stronghold
D:11:     layout_irregular_city, minmay_fire_ice_demons, uniq_erolcha,
          uniq_snorg, uniq_fannar
Temple:   nicolae_temple_bog_church
Abyss:1:  base: D:9, grunt_abyss_exit_deep_breaths, base: D:11,
          gammafunk_corrupted_shrine, base: Temple,
          hangedman_abyss_overflow_altar, base:
Temple

Skill      XL: |  1  2  3  4  5  6  7  8  9 10 11 |
---------------+----------------------------------+-----
Fighting       | 4 5 7 8 9 10 11 | 11.7
Maces & Flails | 4 6 8 9 11 | 11.9
Armour         | 4 5 6 8 9 |  9.7
Shields        | 4 5 6 8 9 |  9.7

Action                     |  1- 3 |  4- 6 |  7- 9 | 10-12 || total
---------------------------+-------+-------+-------+-------++-------
  Melee: Flail             |    91 |   133 |   340 |   357 ||   921
    Use: Scroll            |     2 |     5 |    12 |    10 ||    29
         Potion            |       |     2 |     1 |     9 ||    12
 Armour: Scale mail        |    44 |   106 |   206 |    21 ||   377
         Plate armour      |       |       |       |   213 ||   213
  Dodge: Dodged            |    50 |   102 |   187 |   138 ||   477
  Block: Buckler           |    17 |    46 |    71 |    23 ||   157
         Tower shield      |       |       |       |   117 ||   117
         Kite shield       |       |       |       |   203 ||   203

Table legend: (Time is in decaauts)
 A = Elapsed time spent in this place.
 B = Non-inter-level travel time spent in this place.
 C = Inter-level travel time spent in this place.
 D = Time resting spent in this place.
 E = Time spent auto-exploring this place.
 F = Levels seen in this place.
 G = Mean time per level.
                   A        B        C        D        E       F      G
               +--------+--------+--------+--------+--------+-----+--------+
         Total |  10605 |  10140 |    465 |    676 |   6913 |  15 |  707.0 |
       Dungeon |   8810 |   8406 |    404 |    291 |   6581 |  11 |  800.9 |
        Temple |     84 |     24 |     60 |      0 |     17 |   1 |   84.0 |
         Abyss |    616 |    616 |      0 |      0 |     15 |   1 |  616.0 |
         Sewer |    175 |    175 |      0 |      0 |     67 |   1 |  175.0 |
       Ossuary |    918 |    918 |      0 |    385 |    232 |   1 |  918.0 |
               +--------+--------+--------+--------+--------+-----+--------+

Top non-repeatable levels by time:
     D:3: 1274 daAuts
     D:6: 987 daAuts
     D:8: 983 daAuts
 Ossuary: 918 daAuts
    D:10: 859 daAuts
     D:4: 844 daAuts
     D:7: 823 daAuts
     D:5: 738 daAuts
     D:2: 732 daAuts
     D:1: 727 daAuts
     D:9: 666 daAuts
 Abyss:1: 616 daAuts
   Sewer: 175 daAuts
    D:11: 173 daAuts
  Temple: 84 daAuts
